 Dungeon Crawl Stone Soup version 0.30-a0-272-gf98c3da03f (webtiles) character file.

Game seed: 13514023763681989934

67 lunkers the Cudgeller (level 4, -3/22 (35) HPs)
             Began as a Meteoran Wanderer on Oct 16, 2022.
             Slain by a goblin
             ... wielding a +0 club
              (4 damage)
             ... on level 3 of the Dungeon.
             The game lasted 00:02:50 (1296 turns).

lunkers the Cudgeller (Meteoran Wanderer)           Turns: 1296, Time: 00:02:51

HP:   -3/22 (35)    AC:  3    Str: 17    XL:     4   Next: 65%
MP:   0/7           EV: 11    Int: 13    God:
Gold: 123           SH:  0    Dex: 12    Spells: 4/5 levels left

rFire   . . .      SeeInvis .    a - +2 short sword (elec)
rCold   . . .      Faith    .    (no shield)
rNeg    . . .      Spirit   +    d - +0 leather armour
rPois   .          Reflect  .    (no helmet)
rElec   .          Harm     .    (no cloak)
rCorr   .          Rampage  .    (no gloves)
Will    .....                    (no boots)
Stlth   +.........               e - amulet of guardian spirit
HPRegen 0.23/turn                (no ring)
MPRegen 0.10/turn                (no ring)

@: very slightly contaminated, glowing, very heavily drained
A: sense surroundings 1, otherworldly, glowing, explore regen
a: no special abilities


You were on level 3 of the Dungeon.
You visited 1 branch of the dungeon, and saw 3 of its levels.

You collected 123 gold pieces.

Inventory:

Hand Weapons
 a - a +2 short sword of electrocution (weapon)
 m - a +0 mace
Armour
 d - a +0 leather armour (worn)
 j - a +0 plate armour
Jewellery
 e - an amulet of guardian spirit (around neck)
Wands
 b - a wand of flame (3)
Scrolls
 f - a scroll of brand weapon {unknown}
 g - a scroll of blinking {unknown}
 h - a scroll of identify {unknown}
 k - a scroll of torment {unknown}
 l - a scroll of enchant weapon {unknown}
Potions
 c - 2 potions of attraction


   Skills:
 - Level 1.1 Fighting
 + Level 1.2 Short Blades
 - Level 6.2 Maces & Flails
 - Level 1.3 Spellcasting
 - Level 4.3 Necromancy
 - Level 1.2 Evocations


You had 4 spell levels left.
You knew the following spells:

 Your Spells              Type           Power      Damage    Failure   Level
p - Kiss of Death         Conj/Necr      24%        2d7       14%         1

Your spell library contained the following spells:

 Spells                   Type           Power      Damage    Failure   Level
 Beastly Appendage        Tmut           0%         N/A       32%         1
 Blink                    Tloc           0%         N/A       45%         2
 Momentum Strike          Conj/Tloc      0%         3d8       45%         2
 Wereblood                Tmut           0%         N/A       45%         2
 Dispel Undead            Necr           12%        3d9       50%         4
 Lesser Beckoning         Tloc           0%         N/A       69%         3
 Spider Form              Tmut/Pois      0%         N/A       69%         3
 Anguish                  Hex/Necr       3%         N/A       80%         4


Dungeon Overview and Level Annotations

Branches:
Dungeon (3/15) Zot: 494

Altars:

Annotations:
D:3 Ijyb


Innate Abilities, Weirdness & Mutations

You passively map a small area around you.
You are easily found by Zot.
You glow in the dark.
You regain HP and MP as you explore.


Message History

The goblin barely misses you. Ijyb barely misses you.
The goblin hits you with a +0 club.
* * * LOW HITPOINT WARNING * * *
You hit Ijyb.
Ijyb is severely wounded.
Ijyb hits you with a +0 club.
* * * LOW MAGIC WARNING * * *
* * * LOW HITPOINT WARNING * * *
The goblin hits you but does no damage. The goblin hits you with a +0 club.
* * * LOW HITPOINT WARNING * * *
Unknown command.
Casting: Kiss of Death (safe; 14% risk of failure)
Confirm with . or Enter, or press ? or * to list all spells.
Aiming: Kiss of Death (safe; 14% risk of failure)
Press: ? - help, Shift-Dir - straight line, f/p - Ijyb
Aim: Ijyb, wielding a +0 club, wearing a +2 leather armour of fire resistance and carrying a wand of charming (3) (severely wounded, fast, heavily drained, 100% to hit)
You miscast Kiss of Death.
You are very lightly contaminated with residual magic.
Nothing appears to happen.
* * * LOW MAGIC WARNING * * *
Ijyb closely misses you. The goblin hits you but does no damage.
Ijyb zaps a wand.
You resist with some effort. The goblin hits you with a +0 club.
* * * LOW HITPOINT WARNING * * *
Unknown command.
You barely miss Ijyb.
Ijyb is severely wounded.
Ijyb hits you but does no damage. The goblin hits you with a +0 dagger.
* * * LOW HITPOINT WARNING * * *
The goblin closely misses you.
Okay, then.
You closely miss Ijyb.
Ijyb is severely wounded.
Ijyb barely misses you. The goblin barely misses you.
Ijyb zaps a wand.
You resist with some effort. The goblin hits you but does no damage.
You hit Ijyb but do no damage.
Ijyb is severely wounded.
Ijyb completely misses you. The goblin hits you but does no damage.
The goblin hits you with a +0 club.
You die...

#################
#......#...#..≈≈##
#......'†..').≈≈≈#
#......#...#..≈≈≈##
#''##..#########≈≈#
#...#..........#≈≈#
#...#...)......'...
#.@.#........).†...
#ggg#..........'...
#...#..........#≈≈.
#...#..#########≈≈#
#...#..#...#).≈≈≈##
##+##..'...').≈≈≈#
* #####...#†.≈≈##
#...#####..≈≈# *
#..........≈≈#


You could see Ijyb (fast, very drained) and 2 goblins.

Vanquished Creatures
  An adder (D:2)
  4 dart slugs
  An orc (D:3)
  3 bats
  5 endoplasms
  A giant cockroach (D:1)
  9 goblins
  2 hobgoblins
  3 jackals (D:3)
  A kobold (D:2)
  2 quokkas
  4 ball pythons
  4 frilled lizards
  4 rats
44 creatures vanquished.

Notes
Turn   | Place    | Note
-------+----------+-------------------------------------------
     0 | D:1      | lunkers the Meteoran Wanderer began the quest for the Orb.
     0 | D:1      | lunkers set off with the following items: a +0 mace, a wand
                  | of flame (3), a potion of attraction, a +0 leather armour;
                  | and the following spell memorised: Kiss of Death; and the
                  | following spells available to memorise: Dispel Undead,
                  | Anguish.
     0 | D:1      | Reached XP level 1. HP: 16/16 MP: 3/3
    98 | D:1      | Reached XP level 2. HP: 21/21 MP: 5/5
   125 | D:1      | Reached skill level 5 in Maces & Flails
   134 | D:1      | Reached XP level 3. HP: 18/28 MP: 6/6
   139 | D:1      | Found a faded altar of an unknown god.
   749 | D:2      | Reached XP level 4. HP: 5/31 MP: 5/7
   750 | D:2      | Reached skill level 6 in Maces & Flails
   754 | D:2      | HP: 2/40 [poisoned by an adder]
  1225 | D:3      | Reached skill level 1 in Short Blades
  1277 | D:3      | Noticed Ijyb
  1294 | D:3      | HP: 1/22 [goblin/+0 dagger (1)]
  1296 | D:3      | Slain by a goblin

Illustrated notes

Levels and vault maps discovered:
D:1:      dpeg_arrival_short_road, layout_loops_ring,
          hellmonk_ecumenical_altar_defaced_shrine, minmay_cut_off
D:2:      layout_basic
D:3:      kennysheep_goblin_castle, layout_loops_corners

Skill      XL: |  1  2  3  4 |
---------------+-------------+-----
Maces & Flails | 5 6 |  6.2
Short Blades   | 1 |  1.2
Fighting       | |  1.1
Spellcasting   | |  1.3
Necromancy     | |  4.3
Evocations     | |  1.2

Action                   |  1- 3 |  4- 6 || total
-------------------------+-------+-------++-------
Melee: Mace              |    68 |    12 ||    80
       Short sword       |       |    44 ||    44
       Punch             |       |     1 ||     1
 Cast: Kiss of Death     |     2 |     2 ||     4
  Use: Potion            |       |     3 ||     3
Armor: Leather armour    |    21 |    35 ||    56
Dodge: Dodged            |    41 |    57 ||    98

Table legend: (Time is in decaauts)
 A = Elapsed time spent in this place.
 B = Non-inter-level travel time spent in this place.
 C = Inter-level travel time spent in this place.
 D = Time resting spent in this place.
 E = Time spent auto-exploring this place.
 F = Levels seen in this place.
 G = Mean time per level.
                   A        B        C        D        E       F      G
               +--------+--------+--------+--------+--------+-----+--------+
         Total |   1304 |   1217 |     87 |     13 |    823 |   3 |  434.7 |
       Dungeon |   1304 |   1217 |     87 |     13 |    823 |   3 |  434.7 |
               +--------+--------+--------+--------+--------+-----+--------+

Top non-repeatable levels by time:
     D:2: 664 daAuts
     D:1: 347 daAuts
     D:3: 293 daAuts
